 Dungeon Crawl Stone Soup version 0.31-a0-187-gba352fbbf7 (webtiles) character file.

Game seed: 1281797354912648202

84 qw the Shooter (level 4, -2/25 HPs)
             Began as a Deep Elf Hunter on June 22, 2023.
             Slain by Sigmund
             ... wielding a +0 scythe of venom
              (4 damage)
             ... on level 3 of the Dungeon.
             The game lasted 00:00:44 (1576 turns).

qw the Shooter (Deep Elf Hunter)                    Turns: 1576, Time: 00:00:45

Health: -2/25      AC:  8    Str: 10    XL:     4   Next: 24%
Magic:  6/6        EV: 16    Int: 14    God:
Gold:   164        SH:  0    Dex: 18    Spells: 3/3 levels left

rFire   . . .        Y - +0 shortbow
rCold   . . .        (shield currently unavailable)
rNeg    + . .        d - +0 ring mail
rPois   .            (no helmet)
rElec   .            e - +1 cloak
rCorr   .            (no gloves)
SInv    .            b - +0 pair of boots
Will    .....        (no amulet)
Stlth   +            j - +5 ring of evasion
HPRegen 0.24/turn    k - ring of positive energy
MPRegen 0.10/turn

%: no passive effects
@: lethally poisoned (-2 -> -5)
A: no striking features
a: no special abilities


You were on level 3 of the Dungeon.
You visited 1 branch of the dungeon, and saw 3 of its levels.

You collected 164 gold pieces.


   Skills:
 - Level 1.5 Fighting
 + Level 7.7 Ranged Weapons
 - Level 2.4 Dodging
 - Level 1.2 Stealth


You had 3 spell levels left.
You didn't know any spells.
Your spell library was empty.

Inventory:

Hand Weapons
 Y - a +0 shortbow (weapon)
Armour
 b - a +0 pair of boots (worn)
 d - a +0 ring mail (worn)
 e - a +1 cloak (worn)
Jewellery
 j - a +5 ring of evasion (left hand)
 k - a ring of positive energy (right hand)
Scrolls
 c - a scroll of immolation {unknown}
 f - a scroll of silence {unknown}
 g - a scroll of identify
Potions
 a - a potion of mutation
 h - a potion of haste
 i - a potion of curing {unknown}

Dungeon Overview and Level Annotations

Branches:
Dungeon (3/15)

Altars:

Shops:
D:2 :

Annotations:
D:3 Sigmund


Message History

Enter note:
Enter note:
Enter note:
Enter note:
Enter note:
Enter note:
1568 ||| UPGRADING to ring of positive energy.
k - a ring of positive energy (right hand)
Enter note:
Enter note:
Enter note:
Enter note:
Enter note:
Enter note:
Enter note:
Enter note:
Enter note:
Enter note:
Enter note:
Enter note:
1570 ||| FLEEEEING.
1571 ||| FLEEEEING.
1572 ||| FLEEEEING.
Sigmund gestures at you while chanting. You resist with some effort.
1573 ||| FLEEEEING.
You shoot an arrow. The arrow hits Sigmund.
Sigmund is severely wounded.
Sigmund says, "Don't worry, I'll kill you fast."
You shoot an arrow. The arrow hits Sigmund.
Sigmund is almost dead.
Sigmund asks, "Do you like me?" Sigmund hits you but does no damage.
You are lethally poisoned!
You shoot an arrow.
The arrow hits Sigmund but does no damage.
Sigmund is almost dead.
You feel sick.
Sigmund hits you from afar with a +0 scythe of venom.
You die...

#.....'.%......#
#.....###.###..#
........# #.#
#..#####
........# #.#
#......#
........#
#.###.####.#
....#####
#........#.#
....
##.#####.#.# ...
#. #...#.#
#@###.# #.# #.#
###@###.#
##.#.....#.#
............#
###.#####.#.# #
#.#.# #?....#.#
##.######


You could see Sigmund.

Vanquished Creatures
  2 adders (D:2)
  A worm (D:3)
  A dart slug (D:2)
  7 ball pythons
  5 bats
  3 endoplasms
  4 giant cockroaches
  5 goblins (D:1)
  7 hobgoblins
  3 jackals (D:2)
  4 kobolds
  3 quokkas
  5 rats
50 creatures vanquished.

Notes
Turn   | Place    | Note
-------+----------+-------------------------------------------
     0 | D:1      | qw the Deep Elf Hunter began the quest for the Orb.
     0 | D:1      | Reached XP level 1. HP: 12/12 MP: 3/3
     0 | D:1      | 0 ||| qw: Version: 0.3-a-9-g12657ce
     0 | D:1      | 0 ||| qw: Game counter: 2218
     0 | D:1      | 0 ||| qw: Always use a shield: true
     0 | D:1      | 0 ||| qw: God list: Okawaru
     0 | D:1      | 0 ||| qw: Allow faded altars: false
     0 | D:1      | 0 ||| qw: Do Orc after D:15 true
     0 | D:1      | 0 ||| qw: Do second Lair branch before Depths: true
     0 | D:1      | 0 ||| qw: Lair rune preference: random
     0 | D:1      | 0 ||| qw: Plans: Normal
     0 | D:1      | 0 ||| PLANNING D:1-11
   112 | D:1      | Reached XP level 2. HP: 16/16 MP: 4/4
   115 | D:1      | Reached skill level 6 in Ranged Weapons
   293 | D:1      | Found a faded altar of an unknown god.
   362 | D:1      | Reached XP level 3. HP: 20/20 MP: 5/5
   490 | D:1      | 490 ||| READING scroll labelled TUITTUBARI.
   491 | D:1      | 491 ||| READING scroll labelled YROKO ZOTONG.
   492 | D:1      | 492 ||| READING scroll labelled ICHA OFOLEJO.
   493 | D:1      | 493 ||| READING 4 scrolls labelled MASHAFY BAFIYMPE.
   494 | D:1      | 494 ||| READING 3 scrolls of identify.
   494 | D:1      | 494 ||| IDENTIFYING ruby potion
   495 | D:1      | 495 ||| DROPPING scroll of butterflies.
   496 | D:1      | 496 ||| DROPPING potion of brilliance.
   628 | D:2      | Reached skill level 7 in Ranged Weapons
   988 | D:2      | Found Gostoife's Book Shoppe.
  1069 | D:2      | Reached XP level 4. HP: 25/25 MP: 6/6
  1267 | D:2      | 1267 ||| UPGRADING to +0 pair of boots.
  1272 | D:2      | 1272 ||| UPGRADING to +0 ring mail.
  1282 | D:2      | 1282 ||| DROPPING +0 leather armour.
  1283 | D:2      | 1283 ||| UPGRADING to +5 ring of evasion.
  1284 | D:2      | 1284 ||| READING 2 scrolls labelled WUHUOZY USUUME.
  1285 | D:2      | 1285 ||| READING scroll labelled KANUME ACUI.
  1286 | D:2      | 1286 ||| DRINKING 2 inky potions.
  1287 | D:2      | 1287 ||| READING 2 scrolls of identify.
  1287 | D:2      | 1287 ||| IDENTIFYING viscous purple potion
  1288 | D:2      | 1288 ||| DROPPING scroll of amnesia.
  1555 | D:3      | Noticed Sigmund
  1562 | D:3      | 1562 ||| UPGRADING to +1 cloak.
  1565 | D:3      | HP: 3/25 [Sigmund/puff of flame (5)]
  1568 | D:3      | 1568 ||| UPGRADING to ring of positive energy.
  1570 | D:3      | 1570 ||| FLEEEEING.
  1571 | D:3      | 1571 ||| FLEEEEING.
  1572 | D:3      | 1572 ||| FLEEEEING.
  1573 | D:3      | 1573 ||| FLEEEEING.
  1576 | D:3      | HP: 2/25 [poisoned by Sigmund]
  1576 | D:3      | Slain by Sigmund

Levels and vault maps discovered:
D:1:      dpeg_arrival_solitude, layout_rooms,
          shapermc_ecumenical_altar_mp_urbaneastern,
          dreamdust_mushroom_princess, minmay_tetromino_t4
D:2:      layout_basic, serial_shops, shop
D:3:      layout_basic, grunt_decor_one_mirror, nrook_mini_backslash,
          uniq_sigmund

Skill      XL: |  1  2  3 |
---------------+----------+-----
Ranged Weapons | 6 7 |  7.7
Fighting       | |  1.5
Dodging        | |  2.4
Stealth        | |  1.2

Action                     |  1- 3 |  4- 6 || total
---------------------------+-------+-------++-------
   Fire: Shortbow          |   105 |    48 ||   153
    Use: Scroll            |     5 |     3 ||     8
         Potion            |       |     1 ||     1
 Armour: Leather armour    |     8 |       ||     8
         Ring mail         |       |     4 ||     4
  Dodge: Dodged            |    16 |    16 ||    32

Table legend:
 A = Non-vault XP
 B = Vault XP
 C = Vault XP percentage of total XP
 D = Non-vault monster count
 E = Vault monster count
 F = Vault count percentage of total count
                 A         B        C        D         E       F
            +---------+---------+-------+---------+---------+-------
      Total |     119 |       2 |   1.7 |      49 |       1 |   2.0
            +---------+---------+-------+---------+---------+-------
        D:1 |      42 |       2 |   4.5 |      23 |       1 |   4.2
        D:2 |      55 |       0 |   0.0 |      16 |       0 |   0.0
        D:3 |      22 |       0 |   0.0 |      10 |       0 |   0.0
            +---------+---------+-------+---------+---------+-------
